 Dungeon Crawl Stone Soup version 0.32-a0-871-ge202e49faa (webtiles) character file.

Game seed: 6406604260609595203

599 Autsider the Changeling (level 7, 49/49 HPs)
             Began as an Octopode Shapeshifter on Mar 29, 2024.
             Quit the game on level 5 of the Dungeon.
             The game lasted 00:13:44 (3286 turns).

Autsider the Changeling (Octopode Shapeshifter)     Turns: 3286, Time: 00:13:44

Health: 49/49      AC:  1    Str: 13    XL:     7   Next: 41%
Magic:  7/7        EV: 27    Int: 13    God:
Gold:   275        SH:  0    Dex: 13    Spells: 6/6 levels left

rFire   . . .        w - +1 dagger (venom)
rCold   . . .        (no shield)
rNeg    . . .        (helmet currently unavailable)
rPois   .            o - amulet of the acrobat
rElec   .            k - ring of willpower
rCorr   .            (no ring)
SInv    .            (no ring)
Will    +....        (no ring)
Stlth   +++          (no ring)
HPRegen 0.28/turn    (no ring)
MPRegen 0.10/turn    (no ring)
                     (no ring)

%: acrobat
@: beast-form, acrobatic
A: beast (slay +3), almost no armour, amphibious, 8 rings, camouflage 1,
gelatinous body 1, (nimble swimmer 1), tentacles, deterioration 1, mutation
resistance 1
a: Begin Untransformation


You were on level 5 of the Dungeon.
You were a hulking beast.
You visited 1 branch of the dungeon, and saw 5 of its levels.

You collected 275 gold pieces.

Inventory:

Hand Weapons
 w - a +1 dagger of venom (weapon)
Jewellery
 k - a ring of willpower (left tentacle)
 o - an amulet of the acrobat (around mantle)
Talismans
 b - a beast talisman (active)
 c - a flux talisman
 h - a serpent talisman
 y - a maw talisman
Wands
 u - a wand of roots (17)
Scrolls
 d - a scroll of fear {unknown}
 i - 2 scrolls of poison {unknown}
 l - a scroll of enchant weapon {unknown}
 m - 3 scrolls of identify {unknown}
 q - 2 scrolls of fog {unknown}
 s - 3 scrolls of teleportation {unknown}
 t - a scroll of enchant armour {unknown}
 x - 2 scrolls of amnesia {unknown}
Potions
 a - a potion of lignification
 e - a potion of heal wounds {unknown}
 f - 2 potions of haste
 g - a potion of brilliance {unknown}
 j - a potion of attraction {unknown}
 n - a potion of mutation
 p - a potion of curing {unknown}
 r - a potion of cancellation {unknown}
 v - a potion of magic {unknown}


   Skills:
 + Level 4.5 Fighting
 - Level 2.0 Dodging
 - Level 2.2 Stealth
 - Level 3.0 Unarmed Combat
 * Level 6.2 Shapeshifting


You had 6 spell levels left.
You didn't know any spells.
Your spell library contained the following spells:

 Spells                   Type           Power      Damage    Failure   Level
 Blink                    Tloc           0%         N/A       43%         2
 Call Imp                 Summ           0%         N/A       43%         2
 Lesser Beckoning         Tloc           0%         N/A       43%         2
 Momentum Strike          Conj/Tloc      0%         3d8       43%         2
 Sublimation of Blood     Necr           0%         N/A       43%         2
 Volatile Blastmotes      Fire/Tloc      0%         2d10      67%         3
 Fulminant Prism          Conj/Alch      0%         3d5       97%         4
 Iskenderun's Mystic Bla Conj/Tloc 0%             2d3        (+2d1     97%         4
 Summon Hydra             Summ           0%         N/A       100%        7


Dungeon Overview and Level Annotations

Branches:
Dungeon (5/15)             Temple (0/1) D:5

Altars:
Dithmenos

Shops:
D:4 ?


Innate Abilities, Weirdness & Mutations

You are a hulking beast.
Your limbs bulge with bestial killing power. (Slay +3)
You cannot wear most types of armour.
You are amphibious.
You can wear up to eight rings at the same time.
Your skin changes colour to match your surroundings (Stealth+).
Your rubbery body absorbs attacks. (AC +1, EV +1)
((You are camouflaged when in or above water. (Stealth+)))
You have tentacles for arms and can constrict up to eight enemies at once.
Your body sometimes deteriorates upon taking damage.
You are somewhat resistant to further mutation.


Message History

Found a robe.
Found 5 stones.
A hound comes into view.
The hound moves out of view.
Okay, then.
Found 8 gold pieces.
q - 2 scrolls labelled BUMEAX RAIT (gained 1)
The hound barks!
A hound is nearby!
The hound misses you.
You see here 5 stones.
You hit the hound.
The hound is poisoned.
You grab the hound. You squeeze the hound.
The hound is moderately wounded.
You constrict the hound. The hound misses you.
You completely miss the hound. You squeeze the hound.
The hound is severely wounded.
You constrict the hound!
You kill the hound!
No target in view!
No target in view!
No target in view!
No target in view!
No target in view!
No target in view!
No target in view!
No target in view!
You now have 255 gold pieces (gained 8).
You now have 262 gold pieces (gained 7).
Found a staircase to the Ecumenical Temple.
You now have 270 gold pieces (gained 8).
You now have 275 gold pieces (gained 5).
There is an escape hatch in the ceiling here.
There is a stone staircase leading up here.
Found an escape hatch in the floor.
There is an escape hatch in the floor here.
An orc wizard comes into view. It is wielding a +0 dagger.
An orc wizard is nearby!
Unknown command.
Are you sure you want to abandon this character and quit the game? (Confirm with "yes".)

...............##
#...#............
#....÷........>.#
....#.....#####.#
##..#.......###.##
###..............#
###.#..#.###.....# #
..<.##.#...###>..#.#
######<###.# ##.h..# #
#...#.# #.#...# #
#.....# #.PP~.#
#########..###..P....#
.............#.P~P~P~P#
#########....P~~♣~P♣~P..
..... ###..P~~♣♣♣♣P~P.
#~##. ###P~~♣


oP. # ~P♣♣ You could see an orc wizard (asleep).

Vanquished Creatures
  Prince Ribbit (D:5)
  A black bear (D:4)
  2 howler monkeys
  2 hounds (D:5)
  Ijyb (D:4)
  Terence (D:3)
  4 adders
  A shadow imp (D:4)
  3 dart slugs
  2 ribbon worms
  4 orcs (D:3)
  5 endoplasms
  2 giant cockroaches
  6 goblins
  9 hobgoblins
  4 jackals
  4 quokkas
  7 ball pythons
  7 bats
  3 frilled lizards
  9 kobolds
  3 rats
81 creatures vanquished.

Notes
Turn   | Place    | Note
-------+----------+-------------------------------------------
     0 | D:1      | Autsider the Octopode Shapeshifter began the quest for the
                  | Orb.
     0 | D:1      | Reached XP level 1. HP: 13/13 MP: 1/1
   101 | D:1      | Reached skill level 1 in Stealth
   101 | D:1      | Reached XP level 2. HP: 8/18 MP: 2/2
   308 | D:1      | Reached XP level 3. HP: 6/24 MP: 3/3
  1528 | D:3      | Identified the +0 robe of Daisies {Slay+5}
  1587 | D:3      | Found a faded altar of an unknown god.
  1710 | D:3      | Reached XP level 4. HP: 26/29 MP: 4/4
  1934 | D:3      | Noticed Terence
  1942 | D:3      | Killed Terence
  1943 | D:3      | Reached skill level 4 in Shapeshifting
  2016 | D:3      | Found a shadowy altar of Dithmenos.
  2195 | D:4      | Found Jowkorgh's Magic Scroll Boutique.
  2237 | D:4      | Noticed a black bear
  2267 | D:4      | Reached XP level 5. HP: 35/35 MP: 5/5
  2269 | D:4      | Noticed Ijyb
  2451 | D:4      | Killed Ijyb
  2589 | D:4      | Killed a black bear
  2590 | D:4      | Reached skill level 5 in Shapeshifting
  2590 | D:4      | Reached XP level 6. HP: 23/42 MP: 6/6
  2933 | D:5      | Entered Level 5 of the Dungeon
  2975 | D:5      | Noticed Prince Ribbit
  2991 | D:5      | Gained mutation: Your body sometimes deteriorates upon
                  | taking damage. [potion of mutation]
  2991 | D:5      | Gained mutation: You are somewhat resistant to further
                  | mutation. [potion of mutation]
  2998 | D:5      | HP: 2/64 [Prince Ribbit (4)]
  3001 | D:5      | Killed Prince Ribbit
  3002 | D:5      | Reached skill level 6 in Shapeshifting
  3002 | D:5      | Reached XP level 7. HP: 3/49 MP: 7/7
  3224 | D:5      | Found a staircase to the Ecumenical Temple.
  3286 | D:5      | Quit the game

Illustrated notes

Levels and vault maps discovered:
D:1:      moated_graveyard_arrival, layout_loops_ring, serial_rivers,
          chequers_serial_rivers_micro_b, chequers_serial_rivers_micro_e,
          chequers_serial_rivers_small_a, chequers_serial_rivers_small_b,
          chequers_serial_rivers_marsh, chequers_serial_rivers_room_b,
          chequers_serial_rivers_micro_c
D:2:      layout_basic, hex_tiny
D:3:      layout_loops_corners, lemuel_doored_altar,
          shapermc_ecumenical_altar_mp_vishouse, serial_bayou_lagoon_a,
          kennysheep_pointless_box, grunt_decor_one_mirror, uniq_terence
D:4:      layout_basic, serial_shops, shop_coins, uniq_ijyb
D:5:      layout_rooms, minmay_temple_entry_stoned_glass, serial_bayou,
          serial_bayou_pond_c, serial_bayou_ford_a, serial_bayou_pond_e,
          serial_bayou_pond_c, serial_bayou_shore_a, kennysheep_donut,
          st_stairs_9, minivault_4, nicolae_shop_sticking_my_neck_out,
          uniq_prince_ribbit1, uniq_blork_the_orc

Skill      XL: |  1  2  3  4  5  6 |
---------------+-------------------+-----
Stealth        | 1 2 |  2.2
Fighting       | 2 3 4 |  4.5
Shapeshifting  | 4 5 6 |  6.2
Dodging        | |  2.0
Unarmed Combat | |  3.0

Action                     |  1- 3 |  4- 6 |  7- 9 || total
---------------------------+-------+-------+-------++-------
  Melee: Unarmed           |    67 |    54 |       ||   121
         Constrict         |    19 |    22 |     1 ||    42
         Tentacles         |    11 |    15 |     2 ||    28
         Punch             |     1 |     1 |       ||     2
         Dagger            |       |    21 |     4 ||    25
    Use: Potion            |       |     3 |       ||     3
   Stab: Sleeping          |     9 |     9 |       ||    18
 Armour: Skin              |    27 |    38 |       ||    65
  Dodge: Dodged            |    26 |    29 |     2 ||    57
   Form: Serpent           |     1 |       |       ||     1
         Beast             |     1 |       |       ||     1

Table legend: (Time is in decaauts)
 A = Elapsed time spent in this place.
 B = Non-inter-level travel time spent in this place.
 C = Inter-level travel time spent in this place.
 D = Time resting spent in this place.
 E = Time spent auto-exploring this place.
 F = Levels seen in this place.
 G = Mean time per level.
                   A        B        C        D        E       F      G
               +--------+--------+--------+--------+--------+-----+--------+
         Total |   3261 |   3129 |    132 |    330 |   2082 |   5 |  652.2 |
       Dungeon |   3261 |   3129 |    132 |    330 |   2082 |   5 |  652.2 |
               +--------+--------+--------+--------+--------+-----+--------+

Top non-repeatable levels by time:
     D:3: 850 daAuts
     D:4: 755 daAuts
     D:1: 706 daAuts
     D:2: 612 daAuts
     D:5: 337 daAuts
